 Dungeon Crawl Stone Soup version 0.27.1-34-g3ba077fa99 (webtiles) character file.

Game seed: 804135324263667516

130 comborobin the Covert (level 4, -5/27 HPs)
             Began as a Vampire Delver on Jan 6, 2022.
             Slain by an orc warrior (19 damage)
             ... on level 9 of the Dungeon.
             The game lasted 00:02:02 (1136 turns).

comborobin the Covert (Vampire Delver)              Turns: 1136, Time: 00:02:03

Health: -5/27      AC:  3    Str: 12    XL:     4   Next: 90%
Magic:  4/4        EV: 12    Int: 12    God:
Gold:   48         SH:  0    Dex: 15    Spells: 3/3 levels left

rFire    . . .     SeeInvis +   a - +0 short sword
rCold    + + .     Faith    .   (no shield)
rNeg     + + +     Spirit   .   b - +0 leather armour
rPois    ∞         Reflect  .   (no helmet)
rElec    .         Harm     .   (no cloak)
rCorr    .         Rampage  .   (no gloves)
Will     .....                  (no boots)
Stlth    ++++++....             (no amulet)
HPRegen  0.00/turn              (no ring)
MPRegen  0.09/turn              (no ring)

@: very slightly contaminated, bloodless, inhibited regen, invisible
A: bloodless, fangs 3, see invisible, vampiric 2
a: Bat Form, Revivify


You were on level 9 of the Dungeon.
You visited 1 branch of the dungeon, and saw 5 of its levels.

You collected 48 gold pieces.

Inventory:

Hand Weapons
 a - a +0 short sword (weapon)
Armour
 b - a +0 leather armour (worn)
 h - a +0 buckler
Wands
 g - a wand of digging (3)
Scrolls
 c - a scroll of fog
 d - a scroll of magic mapping
 e - a scroll of fear
 f - a scroll of identify {unknown}
 i - a scroll of amnesia {unknown}


   Skills:
 - Level 2.6 Fighting
 + Level 4.2 Short Blades
 - Level 2.1 Dodging
 + Level 9.0 Stealth


You had 3 spell levels left.
You didn't know any spells.
Your spell library was empty.

Dungeon Overview and Level Annotations

Branches:
Dungeon (9/15)
 Temple: D:4-7         Lair: D:8-11         Orc: D:9-12

Altars:
Trog


Innate Abilities, Weirdness & Mutations

You do not regenerate when monsters are visible.
You are frail without blood (-20% HP).
You can heal yourself when you bite living creatures.
You are immune to poison.
You have razor-sharp teeth.
You have supernaturally acute eyesight. (SInv)
You are afflicted with vampirism and can become a bat while bloodless.


Message History

There is a stone staircase leading up here.
You open the door.
There is an open door here.
Found an escape hatch in the ceiling.
You open the door.
There is an open door here.
You open the door.
There is an open door here.
You open the door.
There is an open door here.
You open the door.
There is an open door here.
You open the door.
A boulder beetle and a zombie come into view.
Found a long sword.
There is an open door here.
The boulder beetle curls into a ball and begins rolling!
You close the door.
There is an open door here.
There is an open door here.
You open the door.
There is an open door here.
You open the door.
There is an open door here.
As you open the door, it creaks loudly!
An orc warrior, an orc priest and an orc wizard come into view.
The orc wizard shouts!
The orc warrior shouts!
The orc priest shouts!
You close the door.
An orc wizard opens the door.
Okay, then.
The orc priest mumbles some strange prayers to Beogh against you.
Beogh smites you!
It was a potion of invisibility.
You fade into invisibility!
You are very lightly contaminated with residual magic.
There is an open door here.
You hit the orc warrior but do no damage.
Your bite misses the orc warrior.
The orc warrior hits you with a +0 glaive!!
Ouch! That really hurt!
You die...

#......# #...#....
#......# #.#.#.#.#
#......# #...#.#.#
#......# #.#####.#
#......####.#.....#
#......'..'.#.#####
#....o.####...#....
+......# ##'######
#.@....# #...##
###o#### ###..###
####o# ##...#
#....# ###.# #o####
#####'# ...
###...... #...
##.'...... #...
#####.<#...... #...
#.....##......


You could see an orc warrior, an orc priest and an orc wizard (wandering).

Vanquished Creatures
  A water moccasin (D:7)
  A centaur skeleton (D:6)
  2 orcs (D:8)
  2 kobolds (D:7)
6 creatures vanquished.

Notes
Turn   | Place    | Note
-------+----------+-------------------------------------------
     0 | D:5      | comborobin the Vampire Delver began the quest for the Orb.
     0 | D:5      | Reached XP level 1. HP: 17/17 MP: 1/1
    19 | D:6      | Reached XP level 2. HP: 17/23 MP: 2/2
    60 | D:5      | Noticed a steam dragon
   407 | D:7      | Found a bloodstained altar of Trog.
   433 | D:7      | Noticed a kobold brigand
   441 | D:7      | Reached skill level 8 in Stealth
   796 | D:7      | Noticed a water moccasin
   802 | D:7      | Killed a water moccasin
   803 | D:7      | Reached skill level 9 in Stealth
   803 | D:7      | Gained mutation: You are afflicted with vampirism and can
                  | become a bat while bloodless. [Vampire growth]
   803 | D:7      | Reached XP level 3. HP: 18/22 MP: 3/3
   803 | D:7      | Reached XP level 4. HP: 22/27 MP: 4/4
   889 | D:8      | Noticed an orc warrior
  1072 | D:9      | Noticed a boulder beetle
  1125 | D:9      | Noticed an orc warrior
  1136 | D:9      | Slain by an orc warrior

Illustrated notes

Levels and vault maps discovered:
D:5:      layout_basic, serial_shops, nicolae_square_shop, minmay_manual_mullet
D:6:      layout_layer_cave, minmay_temple_entry_arrows
D:7:      layout_basic, mainiacjoe_overflow_surrounded_room
D:8:      minmay_the_grid_octo_2x2 [minmay_the_grid_octo_focus,
          minmay_the_grid_octo_clover_2, minmay_the_grid_octo_odd_swirl,
          minmay_the_grid_octo_prize_single_spiral], layout_loops_ring,
          mainiacjoe_overflow_concentric_impassable,
          nicolae_hepliaklqana_hippocampus
D:9:      layout_roguey, grunt_lair_entry_orc_guard_hut

Skill      XL: |  1  2 |
---------------+-------+-----
Short Blades   | 3 4 |  4.2
Stealth        | 9 |  9.0
Fighting       | |  2.6
Dodging        | |  2.1

Action                   |  1- 3 |  4- 6 || total
-------------------------+-------+-------++-------
Melee: Short sword       |    17 |     7 ||    24
       Bite              |     3 |       ||     3
 Abil: Exsanguinate      |     1 |       ||     1
  Use: Potion            |     1 |     1 ||     2
 Stab: Sleeping          |     2 |     1 ||     3
Armor: Leather armour    |     7 |     1 ||     8
Dodge: Dodged            |    15 |     1 ||    16
